 Dungeon Crawl Stone Soup version 0.31-a0-426-g3a05650e59 (webtiles) character file.

Game seed: 2559401545985404456

28 Zonian the Ruffian (level 3, -1/27 HPs)
             Began as a Barachi Shapeshifter on July 31, 2023.
             Slain by Terence
             ... wielding a +0 flail
              (11 damage)
             ... on level 2 of the Dungeon.
             The game lasted 00:01:25 (1136 turns).

Zonian the Ruffian (Barachi Shapeshifter)           Turns: 1136, Time: 00:01:25

Health: -1/27      AC:  2    Str: 18    XL:     3   Next: 14%
Magic:  3/3        EV: 12    Int:  8    God:
Gold:   53         SH:  0    Dex: 12    Spells: 2/2 levels left

rFire   . .          .
                       - Unarmed
rCold   . . .        (no shield)
rNeg    . . .        a - +0 animal skin
rPois   .            (helmet currently unavailable)
rElec   .            (cloak currently unavailable)
rCorr   .            (gloves currently unavailable)
SInv    .            (boots currently unavailable)
Will    .....        (no amulet)
Stlth   +            (no ring)
HPRegen 0.24/turn    (no ring)
MPRegen 0.08/turn

%: no passive effects
@: beast-form, slow
A: beast (slay +2), amphibious, slowness 1, strong legs 1, +LOS
a: Hop, Begin Untransformation


You were on level 2 of the Dungeon.
You were a hulking beast.
You visited 1 branch of the dungeon, and saw 2 of its levels.

You collected 53 gold pieces.

Inventory:

Missiles
 j - 4 poisoned darts
 k - 2 throwing nets
Armour
 a - a +0 animal skin (worn)
Talismans
 c - a beast talisman (active)
 m - a serpent talisman
Scrolls
 e - 3 scrolls of identify {unknown}
 g - a scroll of vulnerability {unknown}
Potions
 b - a potion of lignification
 d - a potion of haste {unknown}
 f - a potion of degeneration {unknown}
 h - 2 potions of curing {unknown}
 i - 2 potions of enlightenment {unknown}
 l - a potion of attraction {unknown}


   Skills:
 + Level 2.0 Fighting
 + Level 2.7 Dodging
 + Level 3.6 Unarmed Combat
 + Level 3.5 Shapeshifting


You had 2 spell levels left.
You didn't know any spells.
Your spell library contained the following spells:

 Spells                   Type           Power      Damage    Failure   Level
 Cigotuvi's Dreadful Rot  Necr/Pois/Air  0%         N/A       54%         2
 Sublimation of Blood     Necr           0%         N/A       54%         2
 Ignite Poison            Fire/Tmut/Pois 0%         N/A       78%         3
 Petrify                  Tmut/Erth      0%         N/A       99%         4
 Freezing Cloud           Conj/Ice/Air   0%         6-21      100%        5
 Irradiate                Conj/Tmut      0%         3d11      100%        5


Dungeon Overview and Level Annotations

Branches:
Dungeon (2/15)

Altars:

Annotations:
D:2 Terence


Innate Abilities, Weirdness & Mutations

You are a hulking beast.
Your limbs bulge with bestial killing power. (Slay +2)
You are amphibious.
You cover ground slowly.
You can hop short distances.
You have an extended range of vision and can be seen from far away.


Message History

A kobold comes into view. It is wielding a +0 short sword.
The kobold shouts!
You hit Terence.
Terence is moderately wounded.
Terence misses you.
You hit Terence but do no damage.
Terence is moderately wounded.
A hobgoblin comes into view.
Terence closely misses you.
You closely miss Terence.
Terence is moderately wounded.
The hobgoblin shouts!
Terence hits you with a +0 flail.
You hit Terence but do no damage.
Terence is moderately wounded.
Terence says, "Did you write a will?
You should..."
Terence barely misses you.
You barely miss Terence.
Terence is moderately wounded.
Terence hits you with a +0 flail.
You completely miss Terence.
Terence is moderately wounded.
Terence hits you with a +0 flail!
You closely miss Terence.
Terence is moderately wounded.
Terence misses you.
You barely miss Terence.
Terence is moderately wounded.
Terence barely misses you.
You hit Terence but do no damage.
Terence is moderately wounded.
Terence hits you with a +0 flail.
Unknown command.
You hit Terence but do no damage.
Terence is moderately wounded.
Terence hits you with a +0 flail.
You closely miss Terence.
Terence is moderately wounded.
Terence hits you with a +0 flail!
You die...

##### ....# ....###
......###
........#############....
####......).....h@Kg.....
##.##.#############.##
#......# ###..#.# ##...#
##..####### #........## .
#..#####..# .. ##..#
##.### ##...


You could see Terence, a hobgoblin and a kobold.

Vanquished Creatures
  A dart slug (D:1)
  5 endoplasms
  2 goblins (D:1)
  A hobgoblin (D:1)
  2 jackals (D:2)
  5 kobolds
  A quokka (D:1)
  2 ball pythons
  A frilled lizard (D:2)
  2 rats
22 creatures vanquished.

Notes
Turn   | Place    | Note
-------+----------+-------------------------------------------
     0 | D:1      | Zonian the Barachi Shapeshifter began the quest for the
                  | Orb.
     0 | D:1      | Reached XP level 1. HP: 15/15 MP: 1/1
   192 | D:1      | Reached XP level 2. HP: 16/21 MP: 2/2
   895 | D:2      | Reached XP level 3. HP: 26/27 MP: 3/3
  1122 | D:2      | Noticed Terence
  1136 | D:2      | Slain by Terence

Illustrated notes

Levels and vault maps discovered:
D:1:      noname_arrival_rooms_in_the_neighbourhood, layout_rooms,
          minmay_split_cup_small
D:2:      layout_rooms, minmay_misc_feat_more_columns, uniq_crazy_yiuf_cottage,
          uniq_terence

Skill      XL: |  1  2 |
---------------+-------+-----
Fighting       | 2 |  2.0
Dodging        | |  2.7
Unarmed Combat | |  3.6
Shapeshifting  | |  3.5

Action                     || total
---------------------------++-------
  Melee: Unarmed           ||    83
   Stab: Sleeping          ||     1
 Armour: Animal skin       ||    12
  Dodge: Dodged            ||    39

Table legend: (Time is in decaauts)
 A = Elapsed time spent in this place.
 B = Non-inter-level travel time spent in this place.
 C = Inter-level travel time spent in this place.
 D = Time resting spent in this place.
 E = Time spent auto-exploring this place.
 F = Levels seen in this place.
 G = Mean time per level.
                   A        B        C        D        E       F      G
               +--------+--------+--------+--------+--------+-----+--------+
         Total |   1246 |   1201 |     45 |    365 |    589 |   2 |  623.0 |
       Dungeon |   1246 |   1201 |     45 |    365 |    589 |   2 |  623.0 |
               +--------+--------+--------+--------+--------+-----+--------+

Top non-repeatable levels by time:
     D:1: 963 daAuts
     D:2: 282 daAuts
